 Dungeon Crawl Stone Soup version 0.21.0-24-g2553a33 (webtiles) character file.

5 tidbits the Charmwright (level 1, 0/20 HPs)
             Began as a Gnoll Skald on Jan 20, 2018.
             Slain by a hobgoblin
             ... wielding a +0 club
              (8 damage)
             ... on level 2 of the Dungeon.
             The game lasted 00:00:46 (69 turns).

tidbits the Charmwright (Gnoll Skald)                 Turns: 69, Time: 00:00:47

Health: 0/20       AC:  3    Str: 13    XL:     1   Next: 80%
Magic:  1/6        EV: 14    Int: 15    God:
Gold:   8          SH:  0    Dex: 14    Spells: 8/9 levels left

rFire    . . .     SeeInvis .   a - +0 hand axe
rCold    . . .     Gourm    .   (no shield)
rNeg     . . .     Faith    .   b - +0 leather armour
rPois    .         Spirit   .   (no helmet)
rElec    .         Reflect  .   (no cloak)
rCorr    .         Harm     .   (no gloves)
MR       .....                  (no boots)
Stlth    +.........             (no amulet)
HPRegen  0.06/turn              (no ring)
MPRegen  0.10/turn              (no ring)

@: infused
A: distributed training, fangs 1, strong nose
a: no special abilities


You were on level 2 of the Dungeon.
You were not hungry.

You visited 1 branch of the dungeon, and saw 2 of its levels.

You collected 8 gold pieces.

Inventory:

Hand Weapons
 a - a +0 hand axe (weapon)
 f - a +0 hunting sling
Armour
 b - a +0 leather armour (worn)
 e - a +0 ring mail
Books
 c - a book of Battle

   Spells                             Type                      Level
   a - Infusion                       Charms                       1
   b - Shroud of Golubria             Charms/Translocation         2
   c - Song of Slaying                Charms                       2
   d - Spectral Weapon                Hexes/Charms                 3
   e - Regeneration                   Charms/Necromancy            3
Comestibles
 d - a ration


   Skills:
 + Level 4.4 Fighting
 + Level 0.1 Short Blades
 + Level 0.1 Long Blades
 + Level 4.4 Axes
 + Level 0.1 Maces & Flails
 + Level 0.1 Polearms
 + Level 0.1 Staves
 + Level 0.1 Slings
 + Level 0.1 Bows
 + Level 0.1 Crossbows
 + Level 0.1 Throwing
 + Level 2.4 Armour
 + Level 4.4 Dodging
 + Level 0.1 Stealth
 + Level 0.1 Shields
 + Level 0.1 Unarmed Combat
 + Level 4.9 Spellcasting
 + Level 0.1 Conjurations
 + Level 0.1 Hexes
 + Level 5.3 Charms
 + Level 0.1 Summonings
 + Level 0.1 Necromancy
 + Level 0.1 Translocations
 + Level 0.1 Transmutations
 + Level 0.1 Fire Magic
 + Level 0.1 Ice Magic
 + Level 0.1 Air Magic
 + Level 0.1 Earth Magic
 + Level 0.1 Poison Magic
 + Level 0.2 Invocations
 + Level 0.1 Evocations


You had 8 spell levels left.
You knew the following spells:

 Your Spells              Type           Power        Failure   Level  Hunger
i - Infusion              Chrm           ###.         2%          1    None


Dungeon Overview and Level Annotations

Branches:
Dungeon (1/15)

Altars:

Annotations:
D:2 Robin


Innate Abilities, Weirdness & Mutations

Your experience applies equally to all skills.
You have very sharp teeth.
Your uncanny sense of smell can sniff out nearby items.


Message History

Found 8 gold pieces.
Found a staircase leading out of the dungeon.
You now have 8 gold pieces.
There are no items here.
Autopickup is now off.
You open the door.
There is an open door here.
You open the door.
There is an open door here.
You open the door.
Found a ring mail.
Found 15 stones.
There is an open door here.
Found 7 gold pieces.
You see here a ring mail.
e - a ring mail
There is a shaft here.
You fall through a shaft!
The shaft crumbles and collapses.
Found 12 arrows.
Unknown command.
A worm comes into view.
Found a hunting sling.
Casting: Infusion
Confirm with . or Enter, or press ? or * to list all spells.
You begin infusing your attacks with magical energy.
You hit the worm.
The worm is moderately wounded.
You hit the worm.
The worm is heavily wounded.
The worm bites you!
You hit the worm!
The worm is almost dead.
The worm misses you.
You hit the worm!
You kill the worm!
You see here a hunting sling.
f - a hunting sling You open the door.
A rat comes into view.
There is an open door here.
The rat bites you but does no damage.
You closely miss the rat. The rat bites you but does no damage.
You barely miss the rat. The rat closely misses you.
You hit the rat.
You kill the rat!
You see here a rat corpse.
Your magical infusion is running out.
You open the door.
Found 18 stones.
There is an open door here.
You are no longer magically infusing your attacks.
Found 5 gold pieces.
Found a ring mail and a scroll labeled ITOFEJ CACION.
A hobgoblin comes into view. It is wielding a club.
A hobgoblin comes into view.
The hobgoblin shouts!
You hear a shout! x2
A hobgoblin comes into view. It is wielding a club.
The hobgoblin shouts!
You hear a shout! x3
A goblin and Robin come into view.
Okay, then.
A goblin comes into view. It is wielding a club.
You see here a scroll labeled ITOFEJ CACION.
g - a scroll labeled ITOFEJ CACION
As you read the scroll labeled ITOFEJ CACION, it crumbles to dust.
It is a scroll of amnesia.
Okay, then.
Casting: Infusion
Confirm with . or Enter, or press ? or * to list all spells.
You begin infusing your attacks with magical energy.
The hobgoblin closely misses you. x2
Unknown command.
You closely miss the hobgoblin. You hit the hobgoblin.
The hobgoblin barely misses you.
A goblin and a hobgoblin come into view.
You barely miss the hobgoblin.
Robin shouts!
The hobgoblin shouts!
The goblin shouts!
You hit the hobgoblin!
You kill the hobgoblin!
You hit the hobgoblin but do no damage.
You hear a shout!
You hear an angry hiss.
The hobgoblin hits you with a club.
Unknown command.
You hit the hobgoblin but do no damage. You bite the hobgoblin.
The hobgoblin is lightly wounded.
You barely miss the hobgoblin. The hobgoblin hits you with a club.
* * * LOW HITPOINT WARNING * * *
Robin roars a battlecry!
The goblins go into a battle-frenzy!
A goblin comes into view.
You hit the goblin but do no damage. You closely miss the hobgoblin.
You hit the hobgoblin.
The hobgoblin hits you but does no damage.
The goblin closely misses you. The hobgoblin hits you with a club.
* * * LOW HITPOINT WARNING * * *
Unknown command.
You hit the goblin.
The goblin is severely wounded.
You hit the hobgoblin but do no damage. x2; The hobgoblin hits you with a club!
You die...

#............#§§§≈..≈#
#.........##.#≈.§§≈.≈#
##..$......##('.≈.≈.§.+
...........####§.§.≈§§#
.....g.....# #≈..≈§§§#
....g......# #≈≈≈.≈§≈#
.......g..g# ####+####
g..[.....gg#
......g..g@#
....##..#### .... #..#
... ....# ∆ ###.. #.


You could see Robin, 3 hobgoblins and 4 goblins.

Vanquished Creatures
  A worm (D:2)
  A hobgoblin (D:2)
  A rat (D:2)
3 creatures vanquished.

Notes
Turn   | Place    | Note
-------+----------+-------------------------------------------
     0 | D:1      | tidbits the Gnoll Skald began the quest for the Orb.
     0 | D:1      | Reached XP level 1. HP: 20/20 MP: 6/6
    27 | D:1      | You fall through a shaft!
    58 | D:2      | Noticed Robin
    69 | D:2      | Slain by a hobgoblin

Action                   || total
-------------------------++-------
Melee: Hand axe          ||    12
       Bite              ||     1
 Cast: Infusion          ||     2
  Use: Scroll            ||     1
Armor: Leather armour    ||     2
Dodge: Dodged            ||     6

Table legend:
 A = Turns spent in this place as a percentage of turns spent in the entire game.
 B = Non-inter-level travel turns spent in this place as a percentage of non-inter-level travel turns spent in the entire game.
 C = Inter-level travel turns spent in this place as a percentage of turns spent in this place.
 D = Turns resting spent in this place as a percentage of non-inter-level travel turns spent in this place.
 E = Turns spent auto-exploring this place as a percentage of non-inter-level travel turns spent in this place.
 F = Non-inter-level travel turns spent in this place divided by the number of levels of this place that you've seen.
                   A       B       C       D       E      F
               +-------+-------+-------+-------+-------+----------------------
         Total | 100.0 | 100.0 |   0.0 |   0.0 |   0.0 |  34.5
       Dungeon | 100.0 | 100.0 |   0.0 |   0.0 |   0.0 |  34.5
               +-------+-------+-------+-------+-------+----------------------

Table legend:
 A = Kills in this place as a percentage of kills in entire the game.
 B = Kills by you in this place as a percentage of kills by you in the entire game.
 C = Kills by friends in this place as a percentage of kills by friends in the entire game.
 D = Other kills in this place as a percentage of other kills in the entire game.
 E = Experience gained in this place as a percentage of experience gained in the entire game.
 F = Experience gained in this place divided by the number of levels of this place that you have seen.
                   A       B       C       D       E      F
               +-------+-------+-------+-------+-------+----------------------
         Total | 100.0 | 100.0 |   N/A |   N/A | 100.0 |   4.0
       Dungeon | 100.0 | 100.0 |   N/A |   N/A | 100.0 |   4.0
               +-------+-------+-------+-------+-------+----------------------

Vault maps used:
D:1:      scummos_arrival_gate
D:2:      kennysheep_generic_room_10, uniq_robin
